AoeStats
← pcl

Arena

509602577Analyzed
1v1 RM · 3d ago on Sep 27, 2026· 46m 52s· 2 players
Game mode
Random Map
Map size
Tiny (2 player)
Population
200
Speed
Normal
Resources
Standard
Victory
Conquest
Starting age
Dark Age
Ending age
Imperial Age
RankedLock teamsTeams togetherTeam positionsShared explorationLock speedFull tech treeHidden civsTurbo modeCheats
Victory
Defeat
🇨🇳 Byzantines · China
580
+13
🇿🇦 Byzantines · South Africa
523
-13
Ben
10:32 Feudal Age
11:51 Wheelbarrow
12:07 Stone Mining
12:07 Gold Mining
12:36 Arson
16:03 Horse Collar
21:01 Castle Age
19:25 Man-at-Arms
24:20 Squires
27:26 Fletching
27:47 Forging
27:26 Double-Bit Axe
29:03 Pikeman
29:29 Gambesons
34:39 Heavy Plow
35:09 Murder Holes
35:36 Ballistics
38:38 Imperial Age
36:48 Bow Saw
38:35 Scale Mail Armor
38:56 Halberdier
43:13 Chemistry
43:37 Hand Cart
43:49 Conscription
pcl
11:35 Feudal Age
16:34 Castle Age
14:42 Double-Bit Axe
15:44 Stone Mining
18:23 Horse Collar
23:07 Gold Mining
26:21 Heavy Plow
27:58 Bow Saw
30:22 Wheelbarrow
30:09 Scale Barding Armor
30:15 Forging
30:30 Murder Holes
30:56 Ballistics
35:22 Imperial Age
33:12 Hand Cart
35:33 Elite Cataphract
36:36 Conscription
36:57 Chain Barding Armor
36:29 Fletching
37:20 Iron Casting
38:01 Husbandry
38:55 Logistica
40:40 Gold Shaft Mining
40:41 Stone Shaft Mining
39:33 Light Cavalry
41:28 Two-Man Saw
41:02 Crop Rotation
41:13 Plate Barding Armor
40:36 Bodkin Arrow
40:59 Guilds
40:30 Cavalier
41:34 Heavy Camel Rider
43:56 Chemistry
43:59 Fortified Wall
46:27 Hussar
Connection lost

Rejoining the realm…

Still unreachable

The connection could not be restored.

Session expired

The server has moved on; the page needs a fresh start.